 Dungeon Crawl Stone Soup version 0.29.0-7-g18a832c13a (webtiles) character file.

Game seed: 16938349657255516643

11169 sanka the Grappler (level 11, -14/115 HPs)
             Began as a Troll Cinder Acolyte on Aug 30, 2022.
             Was a Believer of Okawaru.
             Killed from afar by a Hell Sentinel (85 damage)
             ... with an iron shot
             ... on level 2 of the Abyss.
             The game lasted 00:21:24 (8939 turns).

sanka the Grappler (Troll Cinder Acolyte)           Turns: 8939, Time: 00:21:24

Health: -14/115    AC: 10    Str: 26    XL:     11   Next: 45%
Magic:  13/13      EV: 24    Int: 10    God:    Okawaru [**....]
Gold:   99         SH:  0    Dex:  9    Spells: 12/12 levels left

rFire   . . .      SeeInvis .   b - +3 hand axe (flame)
rCold   . . .      Faith    .   (no shield)
rNeg    . . .      Spirit   .   y - +2 robe {rF+}
rPois   +          Reflect  .   h - +2 hat
rElec   .          Harm     .   i - +1 cloak
rCorr   .          Rampage  .   (gloves unavailable)
Will    .....                   (boots unavailable)
Stlth   +.........              c - amulet of the acrobat
HPRegen 1.09/turn               j - ring of Yzatakun {rPois Str+2 Slay+2}
MPRegen 0.13/turn               (no ring)

@: about to teleport, acrobatic, fire susceptible
A: large, unfitting armour, claws 3, regeneration 1, shaggy fur 1, tough skin 1
a: Renounce Religion, Heroism


You were on level 2 of the Abyss.
You worshipped Okawaru.
Okawaru was pleased with you.
You visited 2 branches of the dungeon, and saw 14 of its levels.
You visited the Abyss 1 time.

You collected 1763 gold pieces.
You spent 1664 gold pieces at shops.


Innate Abilities, Weirdness & Mutations

You are too large for most types of armour.
You have claws for hands.
Your natural rate of healing is unusually fast.
You are covered in fur. (AC +1)
You have tough skin. (AC +1)


   Skills:
 - Level 9.0 Fighting
 + Level 0.0 Dodging
 + Level 14.7 Unarmed Combat
 - Level 1.0 Spellcasting
 - Level 2.1 Fire Magic
 - Level 4.0 Invocations


You had 12 spell levels left.
You didn't know any spells.
Your spell library contained the following spells:

 Spells                   Type           Power      Damage    Failure   Level
 Foxfire                  Conj/Fire      8%         2x1d4     22%         1
 Scorch                   Fire           8%         2d5       22%         2
 Blink                    Tloc           0%         N/A       45%         2
 Static Discharge         Conj/Air       0%         3-3/arc   45%         2
 Conjure Flame            Conj/Fire      2%         6-21      54%         3
 Inner Flame              Hex/Fire       2%         N/A       54%         3
 Lesser Beckoning         Tloc           0%         N/A       71%         3
 Portal Projectile        Hex/Tloc       0%         N/A       71%         3
 Flame Wave               Conj/Fire      2%         2d4       91%         4
 Sticky Flame             Conj/Fire      2%         2d3       91%         4
 Dispel Undead            Necr           0%         3d6       98%         4
 Hailstorm                Conj/Ice       0%         3d3       98%         4
 Ice Form                 Ice/Tmut       0%         N/A       98%         4
 Leda's Liquefaction      Hex/Erth       0%         N/A       98%         4
 Freezing Cloud           Conj/Ice/Air   0%         6-21      100%        5
 Manifold Assault         Tloc           0%         N/A       100%        5
 Polar Vortex             Ice            0%         N/A       100%        9
 Summon Small Mammal      Summ           Unusable   N/A       N/A         1
 Call Canine Familiar     Summ           Unusable   N/A       N/A         3
 Summon Guardian Golem    Hex/Summ       Unusable   N/A       N/A         3
 Simulacrum               Ice/Necr       Unusable   N/A       N/A         6

Inventory:

Hand Weapons
 b - a +3 hand axe of flaming (weapon)
Missiles
 G - 3 curare-tipped darts (quivered) {=f}
 H - 5 throwing nets {=f}
Armour
 h - a +2 hat (worn)
 i - a +1 cloak (worn)
 u - a +2 robe of willpower
 v - a +2 kite shield
 y - a +2 robe of fire resistance (worn)
 A - +0 steam dragon scales
 K - +0 acid dragon scales
Magical Staves
 w - a staff of cold
 L - a staff of fire
Jewellery
 c - an amulet of the acrobat (around neck)
 j - the ring of Yzatakun (left claw) {rPois Str+2 Slay+2}

   [ring of poison resistance]

   Str:       It affects your strength (+2).
   Slay:      It affects your accuracy & damage with ranged weapons and melee
   (+2).
   rPois:     It protects you from poison.
Wands
 a - a wand of flame (22)
 B - a wand of iceblast (9)
 E - a wand of acid (6)
 F - a wand of mindburst (9)
Scrolls
 e - 9 scrolls of blinking
 f - 5 scrolls of magic mapping
 m - a scroll of silence {unknown}
 n - 3 scrolls of enchant armour
 o - 2 scrolls of noise {!r}
 p - 3 scrolls of fear
 q - a scroll of fog
 r - 8 scrolls of teleportation {@r4}
 s - 3 scrolls of immolation {!r}
 t - 3 scrolls of brand weapon
 x - 3 scrolls of torment {!r}
 C - a scroll of summoning {unknown}
 D - a scroll of poison
 M - a scroll of amnesia {unknown}
Potions
 d - 4 potions of heal wounds {@q2}
 g - a potion of brilliance {unknown}
 k - 3 potions of flight {unknown}
 l - 4 potions of curing {unknown}
 z - a potion of attraction {unknown}
 I - a potion of cancellation {unknown}
 J - a potion of berserk rage {!q}

Dungeon Overview and Level Annotations

Branches:
Dungeon (13/15)            Temple (1/1) D:5            Lair (0/5) D:9
    Orc (0/2) D:9
 Vaults: D:13-14

Altars:
Ashenzari
Cheibriados
Dithmenos
Elyvilon
Fedhas
Gozag
Hepliaklqana
Kikubaaqudgha
Makhleb
Nemelex Xobeh
Okawaru
Qazlal
Ru
Sif Muna
Trog
Uskayaw
Vehumet
Wu Jian
Xom
Yredelemnul
Zin
The Shining One

Shops:
D:3 ?   D:5 **   D:9 ?(

Annotations:
D:9 exclusion: 2 downstairs

.. .▒.▒
.▒▒.......
..▒...▒▒..▒......
▒...............
▒.....▒.........
▒...▒..........
▒....▒......
▒.▒▒.........
▒.▒▒▒......... ▒
▒..T▒......
▒.1▒▒....... ▒..
▒...... ▒.▒
...... ▒. .....
▒. ..... ....
....


You could see a Hell Sentinel.


Message History

A boulder beetle comes into view.
You slash the wizard! You burn the wizard.
The wizard is severely wounded.
The boulder beetle curls into a ball and begins rolling!
The wizard gestures at you while chanting.
You are cast into the Abyss!
This branch contains the abyssal rune of Zot.
Unknown command.
Found a gateway leading deeper into the Abyss.
Found a gateway leading out of the Abyss.
Found a gateway leading deeper into the Abyss.
You are suddenly pulled into a different region of the Abyss!
Unknown command.
You feel like a meek peon again.
There is an abandoned shop here.
A Hell Sentinel comes into view.
The Hell Sentinel roars!
The Hell Sentinel gestures at you.
The sphere of damnation explodes!
The damnation engulfs you!!!
You hear a bark!
As you read the scroll of teleportation {@r4}, it crumbles to dust.
You feel strangely unstable.
You feel the power of the Abyss delaying your translocation!
Unknown command.
The Hell Sentinel gestures at you. The iron shot hits you!!!!
Ouch! That really hurt!
You die...

Action                   |  1- 3 |  4- 6 |  7- 9 | 10-12 || total
-------------------------+-------+-------+-------+-------++-------
Melee: Unarmed           |   143 |   123 |   237 |   266 ||   769
       Punch             |     2 |       |    15 |    26 ||    43
       Hand axe          |       |       |       |    18 ||    18
Throw: Dart              |       |       |       |     4 ||     4
Invok: Fiery Armour      |       |       |     1 |       ||     1
       Heroism           |       |       |       |     8 ||     8
Evoke: Wand              |       |       |       |     1 ||     1
  Use: Scroll            |       |    11 |       |     8 ||    19
       Potion            |       |       |       |     3 ||     3
 Stab: Sleeping          |       |       |       |     1 ||     1
Armor: Robe              |    57 |    44 |    27 |    75 ||   203
       Steam dragon scal |       |       |    70 |    44 ||   114
Dodge: Dodged            |    93 |    57 |   161 |   178 ||   489

Levels and vault maps discovered:
D:1:      onia_arrival_pyramid, layout_basic, hangedman_decor_points
D:2:      layout_rooms, hellmonk_ecumenical_altar_watching_god,
          kennysheep_generic_room_8, uniq_crazy_yiuf_cottage
D:3:      layout_rooms, lemuel_round_altar, mainiacjoe_overflow_catch_the_wave,
          serial_shops, shop, uniq_robin
D:4:      wander_river, layout_rooms, amcnicky_altar_gilded, patterned_corridor
D:5:      layout_loops_corners, nicolae_qazlal_style_of_elements,
          minmay_temple_entry_butterflies, nicolae_specific_store,
          uniq_blork_the_orc
D:6:      layout_basic, nicolae_elyvilon_peaceful_grove, general_overflow_altar,
          mainiacjoe_overflow_six_doors_small, serial_rivers,
          chequers_serial_rivers_large_a, chequers_serial_rivers_micro_d,
          chequers_serial_rivers_micro_a, chequers_serial_rivers_small_b,
          chequers_serial_rivers_large_b, chequers_serial_rivers_room_a,
          serial_bayou_pond_a, uniq_grinder, uniq_duvessa, uniq_maggie,
          uniq_pikel
D:7:      layout_loops_ring
D:8:      layout_cave_pools, serial_gnoll_camp, gnoll_camp_mini_loothouse,
          gnoll_camp_mini_hut, grums_kennel, gnoll_camp_medium_01,
          gnoll_camp_mini_doghouse, gnoll_camp_mini_doghouse
D:9:      layout_layer_cave, lair_entry_dummy, zombieorc1_lemuel, serial_shops,
          nicolae_shop_crystal, shop
D:10:     layout_rooms, minivault_24, minmay_tree_intersection,
          minmay_misc_feat_rows, hangedman_feature_mirror, nicolae_rejected_hall
D:12:     okawaru_arena_lexackson, layout_basic,
          grunt_dithmenos_smoke_and_mirrors
D:13:     layout_irregular_city, erik_vaults_2, serial_demonic,
          serial_demonic_c, serial_demonic_b, serial_demonic_d,
          serial_demonic_c, serial_demonic_c, serial_demonic_c,
          hangedman_abyss_or_decor_jellyfish_corner, minivault_10,
          kennysheep_generic_room_14
D:15:     hangedman_depths_entry_civil_slaughter, layout_loops_ring,
          amcnicky_mini_rare_corridor_liquid, water_boxes_lemuel
Temple:   nicolae_temple_superstar
Abyss:2:  base:
D:9

Notes
Turn   | Place    | Note
-------+----------+-------------------------------------------
     0 | D:1      | sanka the Troll Cinder Acolyte began the quest for the Orb.
     0 | D:1      | Reached XP level 1. HP: 22/22 MP: 1/1
   225 | D:1      | Reached XP level 2. HP: 29/29 MP: 2/2
   299 | D:1      | Reached skill level 4 in Unarmed Combat
   400 | D:1      | Reached XP level 3. HP: 36/36 MP: 3/3
   742 | D:2      | Found a runed translucent door.
   743 | D:2      | Noticed Crazy Yiuf
   922 | D:2      | Noticed a golden eye
   954 | D:2      | Found a faded altar of an unknown god.
   956 | D:2      | Noticed a floating eye
   956 | D:2      | Noticed a golden eye
   956 | D:2      | Noticed a great orb of eyes
  1218 | D:3      | Found Aluqah's Magic Scroll Shoppe.
  1248 | D:3      | Bought a scroll of blinking for 97 gold pieces
  1282 | D:3      | Found a basalt altar of Yredelemnul.
  1321 | D:3      | Reached XP level 4. HP: 40/44 MP: 4/4
  1335 | D:3      | Reached skill level 5 in Unarmed Combat
  1413 | D:3      | Found a shimmering altar of Xom.
  1491 | D:3      | Found a bloodstained altar of Trog.
  1497 | D:3      | Noticed Robin
  1531 | D:3      | Killed Robin
  1782 | D:3      | Bought a scroll of identify for 26 gold pieces
  1783 | D:3      | Identified a scroll of acquirement
  1786 | D:3      | Acquired 1062 gold pieces
  1789 | D:3      | Bought a scroll of acquirement for 676 gold pieces
  1789 | D:3      | Acquired a +2 hat
  1796 | D:3      | Bought a scroll of identify for 26 gold pieces
  1796 | D:3      | Bought a scroll of identify for 26 gold pieces
  1796 | D:3      | Bought a scroll of identify for 26 gold pieces
  1796 | D:3      | Bought a scroll of fog for 52 gold pieces
  1796 | D:3      | Bought a scroll of teleportation for 39 gold pieces
  1809 | D:4      | Noticed a scorpion
  1815 | D:4      | Killed a scorpion
  1816 | D:4      | Reached skill level 6 in Unarmed Combat
  1816 | D:4      | Reached XP level 5. HP: 49/50 MP: 5/5
  1821 | D:4      | Identified the ring of Yzatakun {rPois Str+2 Slay+2}
  1885 | D:4      | Noticed an ice beast
  1888 | D:4      | Killed an ice beast
  1889 | D:4      | Reached XP level 6. HP: 59/59 MP: 6/6
  1912 | D:4      | Found an opulent altar of Gozag.
  1951 | D:4      | Reached skill level 7 in Unarmed Combat
  2393 | D:5      | Entered Level 5 of the Dungeon
  2396 | D:5      | Found Jeehorung's General Store.
  2399 | D:5      | Found Efawniac's Specific Store.
  2534 | D:5      | Found a stormy altar of Qazlal.
  2534 | D:5      | Noticed an air elemental
  2539 | D:5      | Noticed a fire elemental
  2597 | D:5      | Reached skill level 8 in Unarmed Combat
  2597 | D:5      | Reached XP level 7. HP: 66/66 MP: 7/7
  2862 | D:5      | Noticed Blork the orc
  2865 | D:5      | Killed Blork the orc
  3006 | D:5      | Found a staircase to the Ecumenical Temple.
  3085 | D:5      | Reached skill level 9 in Unarmed Combat
  3103 | D:5      | Noticed a water elemental
  3321 | D:5      | Bought 2 potions of heal wounds for 110 gold pieces
  3432 | D:6      | Noticed Grinder
  3447 | D:6      | Killed Grinder
  3448 | D:6      | Reached XP level 8. HP: 70/74 MP: 8/8
  3508 | D:6      | Noticed Duvessa
  3512 | D:6      | Noticed Dowan
  3517 | D:6      | Reached skill level 10 in Unarmed Combat
  3528 | D:6      | Killed Duvessa
  3535 | D:6      | Killed Dowan
  3536 | D:6      | Reached skill level 3 in Fighting
  3558 | D:6      | Found a glowing silver altar of Zin.
  3714 | D:6      | Found a sacrificial altar of Ru.
  4031 | D:6      | Noticed Pikel
  4059 | D:6      | Killed Pikel
  4060 | D:6      | Reached skill level 4 in Fighting
  4112 | D:6      | Reached skill level 11 in Unarmed Combat
  4115 | D:6      | Reached XP level 9. HP: 81/85 MP: 9/9
  4184 | D:6      | Found a white marble altar of Elyvilon.
  4205 | D:6      | Identified +0 steam dragon scales
  4205 | D:6      | Noticed Maggie
  4215 | D:6      | Killed Maggie
  4216 | D:6      | Reached skill level 5 in Fighting
  5316 | D:8      | Reached skill level 6 in Fighting
  5339 | D:8      | Reached skill level 12 in Unarmed Combat
  5427 | D:8      | Noticed Grum
  5433 | D:8      | Killed Grum
  5625 | D:8      | Reached XP level 10. HP: 100/100 MP: 10/10
  5631 | D:8      | Reached skill level 7 in Fighting
  5717 | D:8      | Identified the +2 quarterstaff of the Establishment {flame,
                  | rN+ Str+6 Int+3}
  6291 | D:9      | Reached skill level 13 in Unarmed Combat
  6403 | D:9      | Found a staircase to the Orcish Mines.
  6501 | D:9      | Reached skill level 8 in Fighting
  6589 | D:9      | Found a staircase to the Lair.
  6760 | D:9      | Found Gyock's Magic Scroll Boutique.
  6768 | D:9      | Bought 3 scrolls of blinking for 360 gold pieces
  6871 | D:9      | Found Ligiz's Weapon Shoppe.
  7316 | D:9      | Bought 2 curare-tipped darts for 18 gold pieces
  7358 | D:9      | Bought a scroll of teleportation for 48 gold pieces
  7358 | D:9      | Bought a scroll of identify for 32 gold pieces
  7358 | D:9      | Bought a scroll of identify for 32 gold pieces
  7358 | D:9      | Bought a scroll of identify for 32 gold pieces
  7358 | D:9      | Bought a scroll of fear for 64 gold pieces
  7373 | D:10     | Entered Level 10 of the Dungeon
  7497 | Temple   | Entered the Ecumenical Temple
  7638 | Temple   | Fell from the grace of Ignis
  7638 | Temple   | Became a worshipper of Warmaster Okawaru
  7721 | D:2      | Killed Crazy Yiuf
  7744 | D:2      | HP: 3/104 [fire elemental[the fiery vengeance of Ignis]
                  | (9)]
  8003 | D:10     | Reached skill level 1 in Invocations
  8041 | D:10     | Found a bloodstained altar of Trog.
  8074 | D:10     | Identified +0 acid dragon scales
  8075 | D:10     | Reached skill level 2 in Invocations
  8083 | D:10     | Reached skill level 14 in Unarmed Combat
  8162 | D:10     | Reached * piety under Okawaru
  8163 | D:10     | Reached skill level 3 in Invocations
  8259 | D:13     | Noticed a smoke demon
  8276 | D:13     | Killed a smoke demon
  8285 | D:13     | Reached XP level 11. HP: 103/111 MP: 10/12
  8312 | D:13     | Reached skill level 4 in Invocations
  8317 | D:13     | Noticed a deep elf pyromancer
  8340 | D:13     | Killed a deep elf pyromancer
  8340 | D:13     | Reached ** piety under Okawaru
  8545 | D:13     | Reached skill level 9 in Fighting
  8595 | D:15     | Entered Level 15 of the Dungeon
  8631 | D:15     | Noticed an eight-headed hydra
  8886 | D:15     | Noticed a wizard
  8898 | D:15     | Noticed a boulder beetle
  8899 | Abyss:2  | Cast into level 2 of the Abyss (a wizard)
  8936 | Abyss:2  | Noticed a Hell Sentinel
  8939 | Abyss:2  | Killed from afar by a Hell Sentinel

Vanquished Creatures
  A deep elf pyromancer (D:13)
  Pikel (D:6)
  A rust devil (D:13)
  Maggie (D:6)
  A smoke demon (D:13)
  A kobold demonologist (D:10)
  A hellwing (D:13)
  A troll (D:13)
  A red devil (D:13)
  Grinder (D:6)
  A hornet (D:9)
  3 slime creatures (D:13)
  5 shadows
  A wyvern (D:10)
  A vampire (D:9)
  9 yaks
  A basilisk (D:13)
  A wraith (D:13)
  4 fire elementals
  2 steam dragons
  Grum (D:8)
  A chaos spawn (D:13)
  A redback (D:10)
  An acid dragon (D:10)
  Duvessa (D:6)
  5 orc warriors
  An ice beast (D:4)
  3 centaurs
  An ogre (D:6)
  A wolf (D:8)
  4 lemures (D:6)
  3 phantoms
  Blork the orc (D:5)
  2 kobold brigands (D:8)
  2 gnoll sergeants
  2 bullfrogs
  3 scorpions
  2 necrophages
  4 wights (D:6)
  Dowan (D:6)
  4 troll zombies (D:9)
  5 killer bees (D:8)
  17 hounds
  A jelly (D:4)
  6 orc priests
  Crazy Yiuf (D:2)
  3 gnoll boudas
  3 iguanas
  5 orc wizards
  2 ogre zombies (D:9)
  Robin (D:3)
  24 gnolls
  6 adders
  A shadow imp (D:8)
  3 white imps
  2 dart slugs
  29 orcs
  6 ball pythons
  3 bats (D:2)
  5 endoplasms
  5 giant cockroaches
  17 goblins
  8 hobgoblins
  15 jackals
  3 quokkas
  4 frilled lizards
  A goblin skeleton (D:9)
  2 goblin zombies (D:9)
  A hobgoblin skeleton (D:9)
  5 hobgoblin zombies (D:9)
  16 kobolds
  An orc skeleton (D:9)
  9 orc zombies (D:9)
  4 rats
296 creatures vanquished.

Vanquished Creatures (others)
  A butterfly (D:6)
1 creature vanquished.

Grand Total: 297 creatures vanquished
